 Dungeon Crawl Stone Soup version 0.25.1-2-g60ff931df9 (webtiles) character file.

Game seed: 7963245604150315158

106 lepoulpe303 the Poker (level 4, -5/35 HPs)
             Began as a Merfolk Gladiator on Sept 14, 2020.
             Was a Follower of Cheibriados.
             Slain by Crazy Yiuf
             ... wielding a +3 quarterstaff of chaos
              (8 damage)
             ... on level 3 of the Dungeon.
             The game lasted 00:08:19 (2570 turns).

lepoulpe303 the Poker (Merfolk Gladiator)           Turns: 2570, Time: 00:08:20

Health: -5/35      AC:  6    Str: 18    XL:     4   Next: 84%
Magic:  1/4        EV: 14    Int: 10    God:    Cheibriados [*.....]
Gold:   190        SH:  0    Dex: 18    Spells: 3/3 levels left

rFire    . . .     SeeInvis .   a - +0 trident
rCold    . . .     Gourm    .   (no shield)
rNeg     . . .     Faith    .   o - +0 ring mail
rPois    +         Spirit   .   f - +0 helmet
rElec    .         Reflect  .   (no cloak)
rCorr    .         Harm     .   (no gloves)
MR       .....                  (no boots)
Stlth    +.........             (no amulet)
HPRegen  0.11/turn              P - ring of poison resistance
MPRegen  0.09/turn              (no ring)

@: very slow
A: change form in water, swift swim, stealthy swim
a: Bend Time, Renounce Religion


You were on level 3 of the Dungeon.
You worshipped Cheibriados.
Cheibriados was aware of your devotion.
You were not hungry.

You visited 1 branch of the dungeon, and saw 3 of its levels.

You collected 190 gold pieces.

Inventory:

Hand Weapons
 a - a +0 trident (weapon)
Missiles
 d - 3 throwing nets {=f}
 i - 3 boomerangs
 q - 3 poisoned darts
Armour
 b - a +0 leather armour
 c - a +0 helmet
 f - a +0 helmet (worn)
 o - a +0 ring mail (worn)
Jewellery
 P - a ring of poison resistance (left hand)
Scrolls
 h - a scroll of fog {unknown}
 n - a scroll of identify {unknown}
 p - a scroll of teleportation {unknown}
 t - a scroll of enchant armour {unknown}
 w - a scroll of remove curse
Potions
 g - a potion of invisibility {unknown}
 k - a potion of might {unknown}
 m - a potion of berserk rage {unknown}
 s - 2 potions of degeneration {unknown}
 u - a potion of curing {unknown}
 v - a potion of mutation {unknown}
Comestibles
 e - 6 rations
 r - a chunk of flesh


   Skills:
 + Level 3.0 Fighting
 * Level 5.7 Polearms
 + Level 2.5 Throwing
 + Level 0.8 Armour
 + Level 4.6 Dodging
 * Level 0.9 Invocations


You had 3 spell levels left.
You didn't know any spells.
Your spell library was empty.

Dungeon Overview and Level Annotations

Branches:
Dungeon (3/15)

Altars:
Ashenzari
Cheibriados
Dithmenos
Fedhas
Qazlal
The Shining One

Annotations:
D:3 Crazy Yiuf


Message History

Crazy Yiuf freezes you.
* * * LOW HITPOINT WARNING * * *
Some of the chunks of flesh in your inventory have rotted away.
You take 12 damage, and have 12/35 hp.
MASSIVE DAMAGE!!
The flow of time bends around you.
Crazy Yiuf resists with some effort.
* * * LOW MAGIC WARNING * * *
You feel slightly more hungry.
Crazy Yiuf flaps his cloak.
Crazy Yiuf hits you with a +3 quarterstaff of chaos.
* * * LOW HITPOINT WARNING * * *
You take 4 damage, and have 8/35 hp.
You now have 0/4 mp.
Crazy Yiuf says, "Fire!"
Crazy Yiuf closely misses you.
Crazy Yiuf hits you with a +3 quarterstaff of chaos.
* * * LOW HITPOINT WARNING * * *
You take 6 damage, and have 2/35 hp.
Okay, then.
Crazy Yiuf hits you with a +3 quarterstaff of chaos!
You die...

.......#####...#.# #..#..##
######.......#...# ##...##
#..####..#### ##### #..#
#### #..# #..# ####♣♣ ###
#..#####..#.♣♣ ♣♣#..)#
#............♣♣♣♣.'...#
######......#...@g.♣..♣#...#
.)....>(....##.#..♣.♣♣♣ ###
######........##♣♣♣♣♣
............###
######....#######
#..........# ############


You could see Crazy Yiuf.

Levels and vault maps discovered:
D:1:      psy_arrival_radial02, layout_loops_ring, minmay_crystal_room
D:2:      layout_basic, minitemple
D:3:      layout_loops_ring, first_ration, cheibrodos_ashenzari_chains,
          uniq_crazy_yiuf_cottage

Notes
Turn   | Place    | Note
-------+----------+-------------------------------------------
     0 | D:1      | lepoulpe303 the Merfolk Gladiator began the quest for the
                  | Orb.
     0 | D:1      | Reached XP level 1. HP: 16/16 MP: 1/1
   134 | D:1      | Reached XP level 2. HP: 23/23 MP: 2/2
   504 | D:1      | Identified a +0 club
   652 | D:1      | Identified a +0 club
   719 | D:1      | Identified a +0 ring mail (You found it on level 1 of the
                  | Dungeon)
   761 | D:2      | Identified a +0 dagger
   771 | D:2      | Reached skill level 5 in Polearms
   786 | D:2      | Reached XP level 3. HP: 26/28 MP: 3/3
   934 | D:2      | Identified a +0 short sword
   948 | D:2      | Found a stormy altar of Qazlal.
   956 | D:2      | Found a snail-covered altar of Cheibriados.
   959 | D:2      | Found a glowing golden altar of the Shining One.
   961 | D:2      | Found a shadowy altar of Dithmenos.
   964 | D:2      | Found a blossoming altar of Fedhas.
   997 | D:2      | Became a worshipper of Cheibriados the Contemplative
  1037 | D:2      | Identified a +0 dagger
  1064 | D:2      | Identified a +0 club
  1166 | D:2      | Identified a +0 club
  1169 | D:2      | Reached XP level 4. HP: 34/34 MP: 4/4
  1273 | D:2      | Reached * piety under Cheibriados
  1760 | D:2      | Identified a +0 helmet (You found it on level 2 of the
                  | Dungeon)
  1819 | D:3      | Identified a +0 whip
  2071 | D:3      | Reached skill level 3 in Fighting
  2078 | D:3      | Found a shattered altar of Ashenzari.
  2115 | D:3      | Identified a +0 club
  2141 | D:3      | Found a runed translucent door.
  2142 | D:3      | Identified a +3 quarterstaff of chaos
  2142 | D:3      | Identified a +0 cloak
  2142 | D:3      | Noticed Crazy Yiuf
  2404 | D:3      | Identified a +0 dagger
  2435 | D:3      | Identified a +0 whip
  2558 | D:3      | Identified 2 scrolls of remove curse
  2559 | D:3      | Identified a ring of poison resistance (You found it on
                  | level 1 of the Dungeon)
  2564 | D:3      | HP: 8/35 [Crazy Yiuf/+3 quarterstaff of chaos (4)]
  2567 | D:3      | HP: 2/35 [Crazy Yiuf/+3 quarterstaff of chaos (6)]
  2570 | D:3      | Slain by Crazy Yiuf

Table legend:
 A = Turns spent in this place as a percentage of turns spent in the entire game.
 B = Non-inter-level travel turns spent in this place as a percentage of non-inter-level travel turns spent in the entire game.
 C = Inter-level travel turns spent in this place as a percentage of turns spent in this place.
 D = Turns resting spent in this place as a percentage of non-inter-level travel turns spent in this place.
 E = Turns spent auto-exploring this place as a percentage of non-inter-level travel turns spent in this place.
 F = Non-inter-level travel turns spent in this place divided by the number of levels of this place that you've seen.
                   A       B       C       D       E      F
               +-------+-------+-------+-------+-------+----------------------
         Total | 100.0 | 100.0 |   8.5 |   0.0 |  79.8 | 783.7
       Dungeon | 100.0 | 100.0 |   8.5 |   0.0 |  79.8 | 783.7
               +-------+-------+-------+-------+-------+----------------------

Table legend:
 A = Kills in this place as a percentage of kills in entire the game.
 B = Kills by you in this place as a percentage of kills by you in the entire game.
 C = Kills by friends in this place as a percentage of kills by friends in the entire game.
 D = Other kills in this place as a percentage of other kills in the entire game.
 E = Experience gained in this place as a percentage of experience gained in the entire game.
 F = Experience gained in this place divided by the number of levels of this place that you have seen.
                   A       B       C       D       E      F
               +-------+-------+-------+-------+-------+----------------------
         Total | 100.0 | 100.0 |   N/A |   N/A | 100.0 |  50.7
       Dungeon | 100.0 | 100.0 |   N/A |   N/A | 100.0 |  50.7
               +-------+-------+-------+-------+-------+----------------------

Skill      XL: |  1  2  3  4 |
---------------+-------------+-----
Polearms       | 5 |  5.7
Fighting       | 3 |  3.0
Throwing       | |  2.5
Armour         | |  0.8
Dodging        | |  4.6
Invocations    | |  0.9

Action                   |  1- 3 |  4- 6 || total
-------------------------+-------+-------++-------
Melee: Trident           |    74 |   105 ||   179
Throw: Boomerang         |     4 |       ||     4
Invok: Bend Time         |       |     1 ||     1
  Use: Scroll            |       |     1 ||     1
  Eat: Chunk             |     1 |     2 ||     3
Armor: Leather armour    |     6 |       ||     6
       Ring mail         |    15 |    25 ||    40
Dodge: Dodged            |    28 |    87 ||   115

Vanquished Creatures
  5 adders
  A worm (D:3)
  3 dart slugs
  A leopard gecko (D:3)
  4 giant cockroaches
  3 goblins (D:2)
  6 hobgoblins
  6 jackals (D:3)
  2 quokkas (D:2)
  2 ball pythons (D:3)
  5 bats
  6 frilled lizards
  5 kobolds
  6 rats
55 creatures vanquished.
